 Dungeon Crawl Stone Soup version 0.24-a0-307-gf989941 (webtiles) character file.

Game seed: 4561879853839044155

17738 nikopol the Thaumaturge (level 12, -1/61 HPs)
             Began as a Deep Elf Fire Elementalist on May 10, 2019.
             Was a Priest of Vehumet.
             Slain by a redback (11 damage)
             ... on level 3 of the Lair of Beasts on May 13, 2019.
             The game lasted 00:44:57 (14416 turns).

nikopol the Thaumaturge (DEFE)                     Turns: 14416, Time: 00:44:58

Health: -1/61      AC: 11    Str:  5    XL:     12   Next: 21%
Magic:  13/31      EV: 11    Int: 28    God:    Vehumet [***...]
Gold:   626        SH:  5    Dex: 15    Spells: 22/38 levels left

rFire    + . .     SeeInvis .   K - +3 dagger
rCold    . . .     Gourm    .   v - +0 buckler
rNeg     + . .     Faith    .   P - +1 ring mail of the Heavens {rN+ MR+ Int+2}
rPois    .         Spirit   .   (no helmet)
rElec    .         Reflect  .   s - +2 cloak
rCorr    .         Harm     .   (no gloves)
MR       ++...                  J - +0 pair of boots
Stlth    ++........             O - amulet of the acrobat
HPRegen  0.20/turn              l - ring of protection from fire
MPRegen  0.22/turn              (no ring)

@: no status effects
A: no striking features
a: Renounce Religion


You were on level 3 of the Lair of Beasts.
You worshipped Vehumet.
Vehumet was most pleased with you.
You were not hungry.

You visited 3 branches of the dungeon, and saw 14 of its levels.

You collected 706 gold pieces.
You spent 80 gold pieces at shops.

Inventory:

Hand Weapons
 d - a +0 dagger
 K - a +3 dagger (weapon)
Armour
 s - a +2 cloak (worn)
 v - a +0 buckler (worn)
 J - a +0 pair of boots (worn)
 P - the +1 ring mail of the Heavens (worn) {rN+ MR+ Int+2}
   (You found it on level 10 of the Dungeon)

   It affects your intelligence (+2).
   It protects you from negative energy.
   It affects your resistance to hostile enchantments.
Jewellery
 j - an uncursed ring of ice
 l - a ring of protection from fire (left hand)
 O - an amulet of the acrobat (around neck)
Wands
 x - a wand of paralysis (8)
 I - a wand of flame (22)
 L - a wand of random effects (27)
Scrolls
 b - 5 scrolls of remove curse
 e - 2 scrolls of amnesia {unknown}
 f - a scroll of magic mapping {unknown}
 h - 6 scrolls of teleportation
 i - 3 scrolls of enchant armour {unknown}
 o - 5 scrolls of enchant weapon {unknown}
 t - 2 scrolls of random uselessness {unknown}
 y - 2 scrolls of fear {unknown}
 C - a scroll of acquirement {unknown}
 E - 4 scrolls of noise {unknown}
 F - a scroll of blinking {unknown}
 H - a scroll of identify
 N - 2 scrolls of immolation {unknown}
 Q - a scroll of torment {unknown}
 S - a scroll of fog {unknown}
Potions
 g - 2 potions of ambrosia
 k - 5 potions of haste
 m - a potion of degeneration {unknown}
 p - 2 potions of flight
 q - a potion of invisibility {unknown}
 w - a potion of brilliance {unknown}
 z - a potion of cancellation {unknown}
 A - a potion of berserk rage {unknown}
 B - a potion of lignification {unknown}
 D - 2 potions of agility
 G - 2 potions of magic {unknown}
 M - 2 potions of might {unknown}
Comestibles
 c - 24 rations


   Skills:
 + Level 1.6 Fighting
 + Level 4.5 Armour
 + Level 5.4 Dodging
 + Level 4.9 Stealth
 + Level 5.2 Shields
 + Level 13.8 Spellcasting
 + Level 10.6 Conjurations
 + Level 11.1 Fire Magic
 + Level 0.6 Air Magic


You had 22 spell levels left.
You knew the following spells:

 Your Spells              Type           Power        Failure   Level  Hunger
a - Flame Tongue          Conj/Fire      #####        1%          1    None
b - Throw Flame           Conj/Fire      ######       1%          2    None
c - Conjure Flame         Conj/Fire      ######..     1%          3    None
d - Sticky Flame          Conj/Fire      ######..     1%          4    None
e - Fireball              Conj/Fire      ######....   1%          5    #......
f - Shock                 Conj/Air       ####         1%          1    None

Your spell library contained the following spells:

 Spells                   Type           Power        Failure   Level  Hunger
 Throw Icicle             Conj/Ice       #####...     3%          4    None
 Inner Flame              Hex/Fire       ######..     1%          3    None
 Confusing Touch          Hex            ###...       11%         1    None
 Confuse                  Hex            ###.....     32%         3    None
 Gell's Gravitas          Tloc           ###.......   32%         3    None
 Recall                   Summ/Tloc      N/A          32%         3    None
 Yara's Violent Unravell  Hex/Tmut       ###.......   58%         5    #......
 Animate Dead             Necr           N/A          73%         4    None
 Petrify                  Tmut/Erth      ###.....     73%         4    None
 Borgnjor's Vile Clutch   Necr/Erth      ###.......   97%         5    #......
 Metabolic Englaciation   Hex/Ice        ###.......   97%         5    #......
 Death Channel            Necr           ###.......   100%        6    ####...
 Simulacrum               Ice/Necr       ###.......   100%        6    ####...


Dungeon Overview and Level Annotations

Branches:
Dungeon (10/15)            Temple (1/1) D:5            Lair (3/6) D:10
  Swamp: Lair:2-4    Shoals: Lair:2-4     Snake: Lair:2-4    Spider: Lair:2-4
    Orc: D:9-12

Altars:
Gozag
Kikubaaqudgha
Makhleb
Nemelex Xobeh
Ru
Trog
Uskayaw
Vehumet
Xom

Shops:
D:4 ?

Annotations:
D:5 3 runed translucent doors, aaksess's ghost, amateur DsWr; adept's ghost, novice OpBe


Message History

Casting: Sticky Flame (safe; 1% risk of failure)
Confirm with . or Enter, or press ? or * to list all spells.
Aiming: Sticky Flame (safe; 1% risk of failure)
Press: ? - help, Shift-Dir - straight line, f - redback, p - redback
Aim: a redback Out of range.
Okay, then.
Casting: Sticky Flame (safe; 1% risk of failure)
Confirm with . or Enter, or press ? or * to list all spells.
Aiming: Fireball (safe; 1% risk of failure)
Press: ? - help, Shift-Dir - straight line, f - redback, p - redback
Aim: a redback The fireball explodes!
The fireball engulfs the redback!!!
You kill the redback!
Vehumet accepts your kill.
You feel your power returning.
The fireball engulfs the redback!!
You kill the redback!
Vehumet accepts your kill.
You feel your power returning.
The redback burns!
The redback bites you!
You die...

#..## ###..## #...#
#...# #...## ##..## ##
.....###...# #.#
...........# ####.# ##
...........# #.#^####
#.#
#......†...####....#.#
#..
#.................†^#
#^s
#...............@..#
#s#
##.##.#P.###P.#.#s###.#
## ###### #######.#.#
##.# ###


You could see a redback (burning).

Vanquished Creatures
  A hydra (Lair:2)
  3 death yaks (D:10)
  2 two-headed ogres
  Urug (Lair:2)
  A black mamba (Lair:2)
  A centaur skeleton (D:10)
  6 spiny frogs
  6 orange demons (D:10)
  2 komodo dragons
  2 red devils (D:10)
  2 trolls
  A polar bear (Lair:2)
  A jumping spider (Lair:3)
  A hippogriff (D:9)
  Sigmund (D:4)
  3 redbacks (Lair:3)
  7 yaks
  2 hungry ghosts
  Grum (Lair:1)
  4 water moccasins
  2 porcupines (Lair:2)
  3 orc warriors
  An ice beast (D:8)
  An eye of draining (D:10)
  2 necrophages (D:9)
  4 ogres
  2 phantoms
  5 wolves (Lair:1)
  2 centaurs
  2 crocodiles (Lair:1)
  12 bullfrogs
  7 scorpions
  4 howler monkeys
  4 wights (D:10)
  2 electric eels (Lair:2)
  A bullfrog zombie (D:5)
  A bullfrog skeleton (D:5)
  A centaur zombie (D:6)
  An orc priest (D:5)
  9 hounds
  3 jellies
  3 orc wizards
  A quasit (D:8)
  A gnoll shaman (D:6)
  Ijyb (D:4)
  10 worker ants
  A hound zombie (D:6)
  2 hound skeletons
  A howler monkey zombie (D:8)
  9 gnolls
  13 adders
  A howler monkey skeleton (D:4)
  3 shadow imps
  2 oozes
  2 adder zombies
  3 worms
  2 adder skeletons
  A dart slug (D:1)
  7 leopard geckos
  14 orcs
  4 bats
  3 giant cockroaches
  8 goblins
  5 hobgoblins
  7 jackals
  5 kobolds
  5 quokkas
  8 frilled lizards
  A quokka skeleton (D:5)
  A quokka zombie (D:5)
  9 rats
  2 plants (Lair:2)
252 creatures vanquished.

Notes
Turn   | Place    | Note
-------+----------+-------------------------------------------
     0 | D:1      | nikopol the Deep Elf Fire Elementalist began the quest for
                  | the Orb.
     0 | D:1      | Reached XP level 1. HP: 10/10 MP: 6/6
   112 | D:1      | Reached XP level 2. HP: 15/15 MP: 2/8
   459 | D:1      | Reached XP level 3. HP: 17/19 MP: 6/9
   463 | D:1      | Learned a level 2 spell: Throw Flame
   467 | D:1      | Learned a level 3 spell: Conjure Flame
  1227 | D:2      | Reached XP level 4. HP: 19/24 MP: 6/11
  1407 | D:2      | Reached skill level 4 in Spellcasting
  1413 | D:2      | Learned a level 4 spell: Sticky Flame
  2229 | D:3      | Reached XP level 5. HP: 22/28 MP: 8/14
  2236 | D:3      | Found a sacrificial altar of Ru.
  2497 | D:3      | Reached skill level 5 in Spellcasting
  2681 | D:4      | Reached XP level 6. HP: 32/32 MP: 7/15
  2835 | D:4      | Reached skill level 5 in Fire Magic
  2838 | D:4      | Got a steaming lapis lazuli ring
  2843 | D:4      | Identified the ring of the Hare {rN++ MR- Str+3 Dex+4
                  | Stlth-} (You found it on level 4 of the Dungeon)
  2969 | D:4      | Found Sugedwos's Magic Scroll Shoppe.
  2972 | D:4      | Bought a scroll of remove curse for 30 gold pieces
  2972 | D:4      | Bought a scroll of teleportation for 30 gold pieces
  2972 | D:4      | Bought a scroll of identify for 20 gold pieces
  2997 | D:4      | Noticed Ijyb
  3008 | D:4      | Killed Ijyb
  3138 | D:4      | Noticed Sigmund
  3150 | D:4      | Killed Sigmund
  3150 | D:4      | Reached skill level 1 in Shields
  3150 | D:4      | Reached XP level 7. HP: 36/36 MP: 6/17
  3174 | D:4      | Reached skill level 6 in Spellcasting
  3559 | D:4      | Found a shimmering altar of Xom.
  3617 | D:5      | Entered Level 5 of the Dungeon
  3756 | D:5      | Found a staircase to the Ecumenical Temple.
  4056 | D:5      | Reached skill level 5 in Conjurations
  4056 | D:5      | Reached XP level 8. HP: 41/41 MP: 12/19
  4208 | D:5      | Found a runed translucent gate.
  4208 | D:5      | Found a runed translucent gate.
  4208 | D:5      | Found a runed translucent gate.
  4208 | D:5      | Noticed adept's ghost (novice OpBe)
  4209 | D:5      | Noticed aaksess's ghost (amateur DsWr)
  4478 | Temple   | Entered the Ecumenical Temple
  4505 | Temple   | Became a worshipper of Vehumet
  4770 | D:6      | Reached skill level 7 in Spellcasting
  5041 | D:6      | Learned a level 5 spell: Fireball
  5356 | D:6      | Reached skill level 8 in Spellcasting
  5931 | D:7      | Found a hide-covered altar of Uskayaw.
  6064 | D:7      | Reached XP level 9. HP: 45/45 MP: 16/23
  6559 | D:8      | Reached skill level 9 in Spellcasting
  6774 | D:8      | Found a burning altar of Makhleb.
  6776 | D:8      | Found an ancient bone altar of Kikubaaqudgha.
  6792 | D:8      | Reached * piety under Vehumet
  6792 | D:8      | Offered knowledge of Sandblast by Vehumet.
  7435 | D:8      | Noticed a two-headed ogre
  7470 | D:8      | Killed a two-headed ogre
  7470 | D:8      | Reached skill level 10 in Spellcasting
  7903 | D:9      | Reached skill level 5 in Shields
  7948 | D:9      | Noticed a troll
  7968 | D:9      | Killed a troll
  7968 | D:9      | Reached XP level 10. HP: 51/51 MP: 8/26
  8113 | D:9      | Found a sparkling altar of Nemelex Xobeh.
  8684 | D:9      | Reached skill level 11 in Spellcasting
  8852 | D:9      | Noticed a two-headed ogre
  8863 | D:9      | Killed a two-headed ogre
  8941 | D:10     | Entered Level 10 of the Dungeon
  8961 | D:10     | Offered knowledge of Shock by Vehumet.
  8968 | D:10     | Reached ** piety under Vehumet
  8973 | D:10     | Noticed a death yak
  9016 | D:10     | Killed a death yak
  9214 | D:10     | Found a staircase to the Lair.
  9214 | D:10     | Noticed a death yak
  9303 | D:10     | Noticed a death yak
  9304 | D:10     | Killed a death yak
  9638 | D:10     | Reached skill level 12 in Spellcasting
  9835 | D:10     | Killed a death yak
  9835 | D:10     | Reached XP level 11. HP: 34/55 MP: 14/29
  9895 | D:10     | Reached skill level 5 in Dodging
 10009 | D:10     | Got a faintly glowing ring mail
 10026 | D:10     | Identified the +1 ring mail of the Heavens {rN+ MR+ Int+2}
                  | (You found it on level 10 of the Dungeon)
 10315 | D:10     | HP: 1/55 [orange demon (8)]
 10317 | D:10     | Reached skill level 1 in Fighting
 10317 | D:10     | Reached skill level 1 in Armour
 10629 | D:10     | Learned a level 1 spell: Shock
 10639 | D:10     | Reached skill level 10 in Fire Magic
 10864 | D:10     | HP: 2/56 [red devil/+2 vampiric trident (9)]
 11665 | Lair:1   | Entered Level 1 of the Lair of Beasts
 11693 | Lair:1   | Reached skill level 13 in Spellcasting
 11920 | Lair:1   | Offered knowledge of Searing Ray by Vehumet.
 12170 | Lair:1   | Upgraded the game from 0.24-a0-292-g5c6fb1c to
                  | 0.24-a0-307-gf989941
 12230 | Lair:1   | Noticed Grum
 12298 | Lair:1   | Killed Grum
 12298 | Lair:1   | Reached *** piety under Vehumet
 12883 | Lair:1   | Reached skill level 10 in Conjurations
 13438 | Lair:2   | Noticed a five-headed hydra
 13443 | Lair:2   | Killed a five-headed hydra
 13572 | Lair:2   | Reached XP level 12. HP: 61/61 MP: 27/31
 13819 | Lair:2   | Noticed Urug
 13840 | Lair:2   | Killed Urug
 14411 | Lair:3   | Offered knowledge of Throw Icicle by Vehumet.
 14416 | Lair:3   | Slain by a redback

Levels and vault maps discovered:
D:1:      dpeg_arrival_fog, layout_basic
D:2:      layout_loops_corners
D:3:      layout_rooms, first_ration, nicolae_ru_great_annihilating_truth
D:4:      layout_loops_cross, nicolae_overflow_hidden_temple, serial_shops,
          nicolae_shop_stone, serial_park_tiny_1, uniq_ijyb, uniq_sigmund
D:5:      layout_basic, minmay_temple_entry_sparse_star,
          gammafunk_ghost_cemetery, serial_bayou_lagoon_b
D:6:      layout_rooms
D:7:      layout_basic, basic_altar, minmay_misc_feat_roman
D:8:      layout_basic, grunt_temple_overflow_open
D:9:      layout_stronghold, lemuel_doored_altar, serial_rivers,
          chequers_serial_rivers_small_b, chequers_serial_rivers_micro_d,
          chequers_serial_rivers_micro_b, chequers_serial_rivers_small_a,
          grunt_pizzeria
D:10:     layout_roguey, dpeg_lair_monsters, minmay_beelzebubs_servants
Temple:   hc_temple_tempest_star
Lair:1:   layout_hall_layers, uniq_grum
Lair:2:   layout_gridlike, grunt_megastairs_1, uniq_urug
Lair:3:   layout_chaotic_city, swamp_mist_pool,
          nicolae_spider_entry_tight_spaces, basic_altar,
          gammafunk_lair_bear_cave, grunt_megastairs_5,
          infiniplex_staircase_pool_2

Skill      XL: |  1  2  3  4  5  6  7  8  9 10 11 12 |
---------------+-------------------------------------+-----
Fire Magic     | 4 5 6 8 9 10 11 | 11.1
Stealth        | 3 4 |  4.9
Spellcasting   | 4 5 6 8 10 12 13 | 13.8
Conjurations   | 2 3 5 6 7 9 10 | 10.6
Shields        | 1 2 4 5 |  5.2
Dodging        | 3 4 5 |  5.4
Fighting       | 1 |  1.6
Armour         | 4 |  4.5
Air Magic      | |  0.6

Action                   |  1- 3 |  4- 6 |  7- 9 | 10-12 || total
-------------------------+-------+-------+-------+-------++-------
Melee: Dagger            |       |     2 |    31 |       ||    33
 Cast: Flame Tongue      |    73 |   101 |   216 |   189 ||   579
       Throw Flame       |       |     6 |    19 |    17 ||    42
       Conjure Flame     |       |     1 |     4 |    14 ||    19
       Sticky Flame      |       |       |    34 |    49 ||    83
       Fireball          |       |       |     1 |    37 ||    38
       Shock             |       |       |       |    34 ||    34
  Use: Scroll            |       |     2 |       |     8 ||    10
       Potion            |       |       |       |     6 ||     6
  Eat: Chunk             |       |     6 |    19 |    11 ||    36
       Ration            |       |       |       |     3 ||     3
Armor: Robe              |     2 |     4 |    31 |     4 ||    41
       Ring mail         |       |       |       |    24 ||    24
Dodge: Dodged            |    14 |    14 |    73 |    54 ||   155
Block: Buckler           |       |     2 |    29 |    28 ||    59

Table legend:
 A = Non-vault XP
 B = Vault XP
 C = Vault XP percentage of total XP
 D = Non-vault monster count
 E = Vault monster count
 F = Vault count percentage of total count
                 A         B        C        D         E       F
            +---------+---------+-------+---------+---------+-------
      Total |   15091 |   10250 |  40.4 |     217 |      33 |  13.2
            +---------+---------+-------+---------+---------+-------
        D:1 |      51 |       0 |   0.0 |      27 |       0 |   0.0
        D:2 |      75 |       0 |   0.0 |      17 |       0 |   0.0
        D:3 |     150 |      44 |  22.7 |      20 |       4 |  16.7
        D:4 |     594 |     256 |  30.1 |      16 |       2 |  11.1
        D:5 |     654 |       0 |   0.0 |      22 |       0 |   0.0
        D:6 |     832 |       0 |   0.0 |      20 |       0 |   0.0
        D:7 |     382 |       0 |   0.0 |       6 |       0 |   0.0
        D:8 |    1969 |       0 |   0.0 |      29 |       0 |   0.0
        D:9 |    2421 |     338 |  12.3 |      17 |       2 |  10.5
       D:10 |    1695 |    6463 |  79.2 |      17 |      14 |  45.2
     Lair:1 |    3139 |     407 |  11.5 |      15 |       3 |  16.7
     Lair:2 |    2696 |    1807 |  40.1 |      10 |       4 |  28.6
     Lair:3 |     433 |     935 |  68.3 |       1 |       4 |  80.0
            +---------+---------+-------+---------+---------+-------
